| TOP OF THE 1ST |
|
Augusta GreenJackets batting - Pitching for West Virginia Power : LHP Grady Hebert
|
|
Pitching: LHP Grady Hebert
|
|
|
Batting: LHB J.P. Olson
|
0-0: Called Strike 0-1: Ball 1-1: Fly out, F8 (Line Drive, 8LS, EV 89.4 MPH)
|
|
Batting: RHB Mike Buchanan
|
0-0: Ball 1-0: Ground out 6-3 (Groundball, 6, EV 78.8 MPH)
|
|
Batting: RHB Sadataka Kuwahara
|
0-0: Ball 1-0: Swinging Strike 1-1: Called Strike 1-2: Ball 2-2: Foul Ball, location: 2F 2-2: Strikes out swinging
|
| Top of the 1st over - 0 runs, 0 hits, 0 errors, 0 left on base; Augusta 0 - West Virginia 0 |
| BOTTOM OF THE 1ST |
|
West Virginia Power batting - Pitching for Augusta GreenJackets : RHP Evan Boy
|
|
Pitching: RHP Evan Boy
|
|
|
Batting: LHB Joe Hoover
|
0-0: Called Strike 0-1: Ball 1-1: Foul Ball, location: 2F 1-2: Strikes out swinging
|
|
Batting: RHB Jordan Robinson
|
0-0: Ball 1-0: Swinging Strike 1-1: Ball 2-1: Called Strike 2-2: Ground out 5-3 (Groundball, 56, EV 107.5 MPH)
|
|
Batting: RHB Zach Chmieleski
|
0-0: Called Strike 0-1: Swinging Strike 0-2: Foul Ball, location: 2F 0-2: Ball 1-2: Ball 2-2: Foul Ball, location: 2F 2-2: Strikes out swinging
|
| Bottom of the 1st over - 0 runs, 0 hits, 0 errors, 0 left on base; Augusta 0 - West Virginia 0 |
| TOP OF THE 2ND |
|
Augusta GreenJackets batting - Pitching for West Virginia Power : LHP Grady Hebert
|
|
Batting: RHB Chris King
|
0-0: Called Strike 0-1: Ground out 4-3 (Groundball, 4M, EV 96.9 MPH)
|
|
Batting: LHB Al Hernandez
|
0-0: Called Strike 0-1: Swinging Strike 0-2: Strikes out swinging, 2-3 out at first.
|
|
Batting: RHB Dave Crouch
|
0-0: Foul Ball, location: 2F 0-1: SINGLE (Groundball, 6MD, EV 98.1 MPH)
|
|
Batting: LHB Josh Straub
|
0-0: Ball 1-0: Ball 2-0: Called Strike 2-1: Ball 3-1: Called Strike 3-2: Strikes out looking
|
| Top of the 2nd over - 0 runs, 1 hit, 0 errors, 1 left on base; Augusta 0 - West Virginia 0 |
| BOTTOM OF THE 2ND |
|
West Virginia Power batting - Pitching for Augusta GreenJackets : RHP Evan Boy
|
|
Batting: RHB Richard Barrios
|
0-0: Ball 1-0: Fly out, F3 (Line Drive, 3, EV 74.4 MPH)
|
|
Batting: SHB Mike Corley
|
0-0: DOUBLE (Groundball, 3L, EV 106.9 MPH)
|
|
Batting: LHB Brandon Sarni
|
0-0: Called Strike 0-1: Ball 1-1: Foul Ball, location: 2F 1-2: Ball 2-2: Strikes out swinging
|
|
Batting: RHB Roberto Guzman
|
0-0: Foul Ball, location: 2F 0-1: Called Strike 0-2: Ball 1-2: Foul Ball, location: 2F 1-2: Ground out 4-3 (Groundball, 4, EV 85.6 MPH)
|
| Bottom of the 2nd over - 0 runs, 1 hit, 0 errors, 1 left on base; Augusta 0 - West Virginia 0 |
| TOP OF THE 3RD |
|
Augusta GreenJackets batting - Pitching for West Virginia Power : LHP Grady Hebert
|
|
Batting: RHB Dinand Brouwer
|
0-0: Ball 1-0: Ball 2-0: Called Strike 2-1: Called Strike 2-2: Foul Ball, location: 2F 2-2: Foul Ball, location: 2F 2-2: Strikes out swinging
|
|
Batting: RHB Gabe Ochoa
|
0-0: Bunt missed! 0-1: Ball 1-1: Ball 2-1: Foul Ball, location: 2F 2-2: Ball 3-2: Fly out, F9 (Flyball, 89M, EV 86.9 MPH)
|
|
Batting: LHB J.P. Olson
|
0-0: Fly out, F8 (Flyball, 8RS, EV 93.8 MPH)
|
| Top of the 3rd over - 0 runs, 0 hits, 0 errors, 0 left on base; Augusta 0 - West Virginia 0 |
| BOTTOM OF THE 3RD |
|
West Virginia Power batting - Pitching for Augusta GreenJackets : RHP Evan Boy
|
|
Batting: RHB Chris Beckham
|
0-0: Ball 1-0: Ground out 5-3 (Groundball, 56S, EV 87.5 MPH)
|
|
Batting: RHB Dennis Coppolino
|
0-0: Ball 1-0: Ball 2-0: Ball 3-0: Called Strike 3-1: Foul Ball, location: 2F 3-2: DOUBLE (Line Drive, 89M, EV 100.0 MPH)
|
|
Batting: LHB Joe Hoover
|
0-0: Fly out, F7 (Flyball, 7D, EV 101.9 MPH) Runner from 2nd tags up, SAFE at 3rd, no throw by LF
|
|
Batting: RHB Jordan Robinson
|
0-0: Foul Ball, location: 2F 0-1: Foul Ball, location: 2F 0-2: Ball 1-2: SINGLE (Groundball, 6MD, EV 100.0 MPH) Dennis Coppolino scores
|
|
Batting: RHB Zach Chmieleski
|
0-0: Called Strike 0-1: Swinging Strike 0-2: Foul Ball, location: 2F 0-2: Strikes out swinging
|
| Bottom of the 3rd over - 1 run, 2 hits, 0 errors, 1 left on base; Augusta 0 - West Virginia 1 |
| TOP OF THE 4TH |
|
Augusta GreenJackets batting - Pitching for West Virginia Power : LHP Grady Hebert
|
|
Batting: RHB Mike Buchanan
|
0-0: Ball 1-0: Fly out, F4 (Line Drive, 4, EV 67.5 MPH)
|
|
Batting: RHB Sadataka Kuwahara
|
0-0: Ball 1-0: Called Strike 1-1: Ball 2-1: Ball 3-1: Foul Ball, location: 2F 3-2: Foul Ball, location: 2F 3-2: Strikes out looking
|
|
Batting: RHB Chris King
|
0-0: Ball 1-0: Called Strike 1-1: Foul Ball, location: 2F 1-2: Strikes out swinging
|
| Top of the 4th over - 0 runs, 0 hits, 0 errors, 0 left on base; Augusta 0 - West Virginia 1 |
| BOTTOM OF THE 4TH |
|
West Virginia Power batting - Pitching for Augusta GreenJackets : RHP Evan Boy
|
|
Batting: RHB Richard Barrios
|
0-0: Called Strike 0-1: Ball 1-1: Foul Ball, location: 2F 1-2: Strikes out swinging
|
|
Batting: SHB Mike Corley
|
0-0: Called Strike 0-1: Called Strike 0-2: Ball 1-2: Foul Ball, location: 2F 1-2: Foul Ball, location: 2F 1-2: Foul Ball, location: 2F 1-2: Ball 2-2: DOUBLE (Line Drive, 7LS, EV 100.0 MPH)
|
|
Batting: LHB Brandon Sarni
|
0-0: Ball 1-0: Ball 2-0: Ball Wild Pitch! Mike Corley to third 3-0: Called Strike 3-1: Base on Balls
|
|
Batting: RHB Roberto Guzman
|
0-0: Ball 1-0: Called Strike 1-1: Fielders Choice at 2nd, 6-4 (Groundball, 6D, EV 103.1 MPH) Mike Corley scores
|
|
Batting: RHB Chris Beckham
|
0-0: Called Strike 0-1: Foul Ball, location: 2F 0-2: Strikes out looking
|
| Bottom of the 4th over - 1 run, 1 hit, 0 errors, 1 left on base; Augusta 0 - West Virginia 2 |
| TOP OF THE 5TH |
|
Augusta GreenJackets batting - Pitching for West Virginia Power : LHP Grady Hebert
|
|
Batting: LHB Al Hernandez
|
0-0: Swinging Strike 0-1: Ball 1-1: Ball 2-1: Foul Ball, location: 2F 2-2: Ball 3-2: DOUBLE (Groundball, 3L, EV 99.4 MPH)
|
|
Batting: RHB Dave Crouch
|
0-0: Swinging Strike 0-1: Swinging Strike 0-2: Strikes out swinging
|
|
Batting: LHB Josh Straub
|
0-0: Ball 1-0: Fly out, F6 (Line Drive, 6, EV 65.6 MPH) Lined into DP, 6-4 (Line Drive, 6, EV 61.9 MPH)
|
| Top of the 5th over - 0 runs, 1 hit, 0 errors, 0 left on base; Augusta 0 - West Virginia 2 |
| BOTTOM OF THE 5TH |
|
West Virginia Power batting - Pitching for Augusta GreenJackets : RHP Evan Boy
|
|
Batting: RHB Dennis Coppolino
|
0-0: Ball 1-0: Called Strike 1-1: Ball 2-1: Ball 3-1: Swinging Strike 3-2: Foul Ball, location: 2F 3-2: Base on Balls
|
|
Batting: LHB Joe Hoover
|
0-0: Foul Ball, location: 2F 0-1: Called Strike 0-2: Foul Ball, location: 2F 0-2: Fielders Choice at 2nd, 6-4 (Groundball, 6, EV 88.8 MPH)
|
|
Batting: RHB Jordan Robinson
|
0-0: Ball 1-0: Fielders Choice at 2nd, 5-4 (Groundball, 56S, EV 89.4 MPH)
|
|
Batting: RHB Zach Chmieleski
|
0-0: Called Strike 0-1: Ball Wild Pitch! Jordan Robinson to second 1-1: Called Strike 1-2: Foul Ball, location: 2F 1-2: Ball 2-2: Foul Ball, location: 2F 2-2: Fly out, F8 (Flyball, 8RM, EV 85.0 MPH)
|
| Bottom of the 5th over - 0 runs, 0 hits, 0 errors, 1 left on base; Augusta 0 - West Virginia 2 |
| TOP OF THE 6TH |
|
Augusta GreenJackets batting - Pitching for West Virginia Power : LHP Grady Hebert
|
|
Batting: RHB Dinand Brouwer
|
0-0: Called Strike 0-1: Swinging Strike 0-2: Foul Ball, location: 2F 0-2: Ball 1-2: Foul Ball, location: 2F 1-2: Strikes out swinging
|
|
Batting: RHB Gabe Ochoa
|
0-0: Called Strike 0-1: Ball 1-1: Ball 2-1: Foul Ball, location: 2F 2-2: Strikes out swinging
|
|
Batting: LHB J.P. Olson
|
0-0: Ball 1-0: Foul Ball, location: 2F 1-1: SINGLE (Line Drive, 89S, EV 108.8 MPH)
|
|
Batting: RHB Mike Buchanan
|
0-0: Ball 1-0: Ball 2-0: DOUBLE (Line Drive, 9LD, EV 106.9 MPH) J.P. Olson to third
|
|
Batting: RHB Sadataka Kuwahara
|
0-0: Ball 1-0: Foul Ball, location: 2F 1-1: Foul Ball, location: 2F 1-2: Foul Ball, location: 2F 1-2: Strikes out swinging
|
| Top of the 6th over - 0 runs, 2 hits, 0 errors, 2 left on base; Augusta 0 - West Virginia 2 |
| BOTTOM OF THE 6TH |
|
West Virginia Power batting - Pitching for Augusta GreenJackets : RHP Evan Boy
|
|
Pitching: RHP Nate Heideman
|
|
|
Batting: RHB Richard Barrios
|
0-0: Called Strike 0-1: Ball 1-1: Ball 2-1: Called Strike 2-2: Fly out, F9 (Flyball, 9D, EV 101.2 MPH)
|
|
Batting: SHB Mike Corley
|
0-0: Foul Ball, location: 2F 0-1: Foul Ball, location: 2F 0-2: Ball 1-2: Ball 2-2: Foul Ball, location: 2F 2-2: Strikes out swinging
|
|
Batting: LHB Brandon Sarni
|
0-0: SINGLE (Groundball, 6D, EV 95.6 MPH)
|
|
Batting: RHB Roberto Guzman
|
0-0: Called Strike 0-1: Swinging Strike 0-2: Ball 1-2: Hit by Pitch Brandon Sarni to second
|
|
Batting: RHB Chris Beckham
|
0-0: Ball 1-0: Called Strike 1-1: Called Strike 1-2: Strikes out swinging
|
| Bottom of the 6th over - 0 runs, 1 hit, 0 errors, 2 left on base; Augusta 0 - West Virginia 2 |
| TOP OF THE 7TH |
|
Augusta GreenJackets batting - Pitching for West Virginia Power : LHP Grady Hebert
|
|
Batting: RHB Chris King
|
0-0: Called Strike 0-1: Ball 1-1: Swinging Strike 1-2: Strikes out swinging
|
|
Batting: LHB Al Hernandez
|
0-0: Ball 1-0: Swinging Strike 1-1: Swinging Strike 1-2: Ball 2-2: Ball 3-2: SINGLE (Flyball, 5D, EV 84.4 MPH)
|
|
Batting: RHB Dave Crouch
|
0-0: Ball 1-0: Called Strike 1-1: Ball 2-1: Swinging Strike 2-2: Foul Ball, location: 2F 2-2: Ball 3-2: Foul Ball, location: 2F 3-2: Foul Ball, location: 2F 3-2: DOUBLE (Line Drive, 89D, EV 108.1 MPH) Al Hernandez to third
|
|
Pitching: RHP Franklin Amaro
|
|
|
Batting: LHB Josh Straub
|
0-0: Swinging Strike 0-1: Ball 1-1: Foul Ball, location: 2F 1-2: Foul Ball, location: 2F 1-2: Foul Ball, location: 2F 1-2: Ball 2-2: SINGLE (Line Drive, 6MD, EV 99.4 MPH) Al Hernandez scores Dave Crouch to third Runner from 3rd tries for Home, SAFE, throw by CF to home
|
|
Batting: RHB Dinand Brouwer
|
0-0: Called Strike Josh Straub steals 2nd base 0-1: Called Strike 0-2: Ball 1-2: Strikes out swinging
|
|
Pinch Hitting: LHB Fred Arends
|
0-0: Swinging Strike 0-1: Swinging Strike 0-2: Ball 1-2: Foul Ball, location: 2F 1-2: Foul Ball, location: 2F 1-2: Ground out 4-3 (Groundball, 4, EV 78.8 MPH)
|
| Top of the 7th over - 2 runs, 3 hits, 0 errors, 1 left on base; Augusta 2 - West Virginia 2 |
| BOTTOM OF THE 7TH |
|
West Virginia Power batting - Pitching for Augusta GreenJackets : RHP Nate Heideman
|
|
Pitching: RHP Brian Yinger
|
|
|
Now at 2B: Josh Lippens
|
|
|
Now at SS: Sadataka Kuwahara
|
|
|
Batting: RHB Dennis Coppolino
|
0-0: Foul Ball, location: 2F 0-1: Ball 1-1: Ball 2-1: Ground out U3 (Groundball, 3S, EV 65.6 MPH)
|
|
Batting: LHB Joe Hoover
|
0-0: Foul Ball, location: 2F 0-1: Ball 1-1: Foul Ball, location: 2F 1-2: Strikes out swinging
|
|
Batting: RHB Jordan Robinson
|
0-0: Ball 1-0: Ball 2-0: Swinging Strike 2-1: Ball 3-1: Called Strike 3-2: Ground out 6-3 (Groundball, 56, EV 83.8 MPH)
|
| Bottom of the 7th over - 0 runs, 0 hits, 0 errors, 0 left on base; Augusta 2 - West Virginia 2 |
| TOP OF THE 8TH |
|
Augusta GreenJackets batting - Pitching for West Virginia Power : RHP Franklin Amaro
|
|
Batting: LHB J.P. Olson
|
0-0: SINGLE (Line Drive, 7S, EV 96.9 MPH)
|
|
Batting: RHB Mike Buchanan
|
0-0: Bunt missed! 0-1: Bunt missed! 0-2: Grounds into double play, 6-4-3 (Groundball, 6, EV 98.1 MPH)
|
|
Batting: RHB Sadataka Kuwahara
|
0-0: Ball 1-0: Ball 2-0: Ball 3-0: Called Strike 3-1: Called Strike 3-2: Base on Balls
|
|
Batting: RHB Chris King
|
0-0: Called Strike Sadataka Kuwahara steals 2nd base 0-1: Called Strike 0-2: Ball 1-2: Foul Ball, location: 2F 1-2: Ground out 5-3 (Groundball, 56, EV 97.5 MPH)
|
| Top of the 8th over - 0 runs, 1 hit, 0 errors, 1 left on base; Augusta 2 - West Virginia 2 |
| BOTTOM OF THE 8TH |
|
West Virginia Power batting - Pitching for Augusta GreenJackets : RHP Brian Yinger
|
|
Pitching: RHP Damian Molina
|
|
|
Batting: RHB Zach Chmieleski
|
0-0: Ball 1-0: Swinging Strike 1-1: Called Strike 1-2: Ball 2-2: Foul Ball, location: 2F 2-2: Ball 3-2: Foul Ball, location: 2F 3-2: Base on Balls
|
|
Batting: RHB Richard Barrios
|
0-0: Foul Ball, location: 2F 0-1: Ball 1-1: Ball 2-1: Fly out, F5 (Popup, 25F, EV 87.5 MPH)
|
|
Batting: SHB Mike Corley
|
0-0: Ball 1-0: Swinging Strike 1-1: Ball 2-1: Foul Ball, location: 2F 2-2: Strikes out swinging
|
|
Batting: LHB Brandon Sarni
|
0-0: Swinging Strike 0-1: Swinging Strike 0-2: Ball 1-2: Ball 2-2: Foul Ball, location: 2F 2-2: Foul Ball, location: 2F 2-2: Foul Ball, location: 2F 2-2: Strikes out swinging
|
| Bottom of the 8th over - 0 runs, 0 hits, 0 errors, 1 left on base; Augusta 2 - West Virginia 2 |
| TOP OF THE 9TH |
|
Augusta GreenJackets batting - Pitching for West Virginia Power : RHP Franklin Amaro
|
|
Pitching: RHP Steve Kane
|
|
|
Batting: LHB Al Hernandez
|
0-0: Ball 1-0: Ball 2-0: Ball 3-0: Base on Balls
|
|
Batting: RHB Dave Crouch
|
0-0: Ball 1-0: Foul Ball, location: 2F 1-1: Fly out, F8 (Flyball, 8RD, EV 83.8 MPH)
|
|
Batting: LHB Josh Straub
|
0-0: Foul Ball, location: 2F 0-1: Ball 1-1: Called Strike 1-2: Foul Ball, location: 2F 1-2: Grounds into double play, 6-4-3 (Groundball, 56, EV 85.0 MPH)
|
| Top of the 9th over - 0 runs, 0 hits, 0 errors, 0 left on base; Augusta 2 - West Virginia 2 |
| BOTTOM OF THE 9TH |
|
West Virginia Power batting - Pitching for Augusta GreenJackets : RHP Damian Molina
|
|
Pitching: RHP Takashi Kino
|
|
|
Batting: RHB Roberto Guzman
|
0-0: DOUBLE (Groundball, 5L, EV 107.5 MPH)
|
|
Pinch Hitting: RHB Mike Velazquez
|
0-0: Intentional Walk
|
|
Pinch Hitting: LHB Donald Imre
|
0-0: Sac Bunt to P - play at first, batter OUT! 1-4 Roberto Guzman to third Mike Velazquez to second
|
|
Batting: LHB Joe Hoover
|
0-0: Foul Ball, location: 2F 0-1: Ball 1-1: Ball 2-1: Ball 3-1: Swinging Strike 3-2: Strikes out swinging
|
|
Batting: RHB Jordan Robinson
|
0-0: Ball 1-0: Foul Ball, location: 2F 1-1: Called Strike 1-2: Foul Ball, location: 2F 1-2: Strikes out swinging
|
| Bottom of the 9th over - 0 runs, 1 hit, 0 errors, 2 left on base; Augusta 2 - West Virginia 2 |
| TOP OF THE 10TH |
|
Augusta GreenJackets batting - Pitching for West Virginia Power : RHP Steve Kane
|
|
Now at C: Alfredo Medrano
|
|
|
Now at 3B: Ted Goldblatt
|
|
|
Batting: RHB Dinand Brouwer
|
0-0: Ball 1-0: Foul Ball, location: 2F 1-1: Foul Ball, location: 2F 1-2: Foul Ball, location: 2F 1-2: Strikes out swinging
|
|
Batting: RHB Josh Lippens
|
0-0: Ball 1-0: Called Strike 1-1: Ball 2-1: Ball 3-1: Base on Balls
|
|
Batting: LHB J.P. Olson
|
0-0: Ball 1-0: Called Strike Josh Lippens steals 2nd base 1-1: Called Strike 1-2: Strikes out looking
|
|
Batting: RHB Mike Buchanan
|
0-0: SINGLE (Groundball, 56D, EV 99.4 MPH) Josh Lippens to third Runner from 3rd tries for Home, throw by LF and OUT! 7-2
|
| Top of the 10th over - 0 runs, 1 hit, 0 errors, 1 left on base; Augusta 2 - West Virginia 2 |
| BOTTOM OF THE 10TH |
|
West Virginia Power batting - Pitching for Augusta GreenJackets : RHP Takashi Kino
|
|
Batting: RHB Zach Chmieleski
|
0-0: Swinging Strike 0-1: Foul Ball, location: 2F 0-2: Foul Ball, location: 2F 0-2: Foul Ball, location: 2F 0-2: Foul Ball, location: 2F 0-2: Ball 1-2: Ball 2-2: Ball 3-2: Base on Balls
|
|
Pitching: LHP Tommy McCusker
|
|
|
Batting: RHB Richard Barrios
|
0-0: Ball 1-0: Swinging Strike 1-1: Foul Ball, location: 2F 1-2: Ball 2-2: Ball Wild Pitch! Zach Chmieleski to second 3-2: Strikes out looking
|
|
Batting: SHB Mike Corley
|
0-0: Intentional Walk
|
|
Pinch Hitting: RHB Freddy Quintero
|
0-0: Called Strike 0-1: Ball 1-1: Called Strike 1-2: Hit by Pitch Zach Chmieleski to third Mike Corley to second
|
|
Batting: RHB Roberto Guzman
|
0-0: Ball 1-0: Foul Ball, location: 2F 1-1: Ball 2-1: Called Strike 2-2: Ball Wild Pitch! Zach Chmieleski scores
|
| Bottom of the 10th over - 1 run, 0 hits, 0 errors, 2 left on base; Augusta 2 - West Virginia 3 |
|